 Dungeon Crawl Stone Soup version 0.21.0-24-g2553a33 (webtiles) character file.

745 tidbits the Charmwright (level 7, -1/56 HPs)
             Began as a Gnoll Skald on Jan 20, 2018.
             Slain by Swippen's ghost (11 damage)
             ... on level 6 of the Dungeon.
             The game lasted 00:13:23 (1411 turns).

tidbits the Charmwright (Gnoll Skald)               Turns: 1411, Time: 00:13:23

Health: -1/56      AC:  3    Str: 17    XL:     7   Next: 76%
Magic:  4/15       EV: 18    Int: 17    God:
Gold:   189        SH:  0    Dex: 15    Spells: 6/17 levels left

rFire    . . .     SeeInvis .   a - +1 hand axe
rCold    . . .     Gourm    .   (no shield)
rNeg     . . .     Faith    .   b - +0 leather armour
rPois    .         Spirit   .   (no helmet)
rElec    .         Reflect  .   (no cloak)
rCorr    .         Harm     .   (no gloves)
MR       .....                  (no boots)
Stlth    ++........             o - amulet of inaccuracy (curse)
HPRegen  0.18/turn              V - +3 ring of evasion
MPRegen  0.14/turn              q - +4 ring of strength

@: infused
A: distributed training, fangs 1, strong nose
a: no special abilities


You were on level 6 of the Dungeon.
You were full.

You visited 1 branch of the dungeon, and saw 6 of its levels.

You collected 189 gold pieces.

Inventory:

Hand Weapons
 a - a +1 hand axe (weapon)
 e - a +0 dagger
 g - a +0 war axe
 k - a +0 hunting sling
 l - a +0 trident
 s - a +0 great sword
 u - a +0 hunting sling
Missiles
 f - 6 javelins
 m - 7 javelins of returning (quivered)
 n - 14 stones
 r - 13 arrows
Armour
 b - a +0 leather armour (worn)
 j - a +0 ring mail
 t - a +0 shield
Magical Staves
 v - an uncursed staff of poison {unknown}
   (You found it on level 6 of the Dungeon)
Jewellery
 o - a cursed amulet of inaccuracy (around neck)
   (You found it on level 3 of the Dungeon)
 q - a +4 ring of strength (right hand)
   (You found it on level 4 of the Dungeon)
 I - an uncursed ring of see invisible
   (You found it on level 5 of the Dungeon)
 P - an uncursed ring of poison resistance
   (You found it on level 5 of the Dungeon)
 V - a +3 ring of evasion (left hand)
   (You found it on level 4 of the Dungeon)
 X - a +3 ring of dexterity
   (You found it on level 4 of the Dungeon)
Wands
 p - a wand of flame (13)
Scrolls
 i - 5 scrolls of identify
Books
 c - a book of Battle

   Spells                             Type                      Level
   a - Infusion                       Charms                       1
   b - Shroud of Golubria             Charms/Translocation         2
   c - Song of Slaying                Charms                       2
   d - Spectral Weapon                Hexes/Charms                 3
   e - Regeneration                   Charms/Necromancy            3
Comestibles
 d - 4 rations


   Skills:
 + Level 5.3 Fighting
 + Level 2.6 Short Blades
 + Level 2.6 Long Blades
 + Level 5.3 Axes
 + Level 2.6 Maces & Flails
 + Level 2.6 Polearms
 + Level 2.6 Staves
 + Level 2.6 Slings
 + Level 2.6 Bows
 + Level 2.6 Crossbows
 + Level 2.6 Throwing
 + Level 3.7 Armour
 + Level 5.3 Dodging
 + Level 2.6 Stealth
 + Level 2.6 Shields
 + Level 2.6 Unarmed Combat
 + Level 5.7 Spellcasting
 + Level 2.1 Conjurations
 + Level 2.1 Hexes
 + Level 5.9 Charms
 + Level 2.1 Summonings
 + Level 2.1 Necromancy
 + Level 2.1 Translocations
 + Level 2.1 Transmutations
 + Level 2.1 Fire Magic
 + Level 2.1 Ice Magic
 + Level 2.1 Air Magic
 + Level 2.1 Earth Magic
 + Level 2.1 Poison Magic
 + Level 2.9 Invocations
 + Level 2.6 Evocations


You had 6 spell levels left.
You knew the following spells:

 Your Spells              Type           Power        Failure   Level  Hunger
g - Shroud of Golubria    Chrm/Tloc      ###.......   4%          2    #......
i - Infusion              Chrm           ###.         1%          1    None
r - Regeneration          Chrm/Necr      ###.......   9%          3    ##.....
w - Spectral Weapon       Hex/Chrm       ###.....     9%          3    ##.....
y - Song of Slaying       Chrm           ###.....     1%          2    #......


Dungeon Overview and Level Annotations

Branches:
Dungeon (6/15)
 Temple: D:4-7

Altars:

Annotations:
D:6 Swippen's ghost, novice TrMo


Innate Abilities, Weirdness & Mutations

Your experience applies equally to all skills.
You have very sharp teeth.
Your uncanny sense of smell can sniff out nearby items.


Message History

Casting: Spectral Weapon
Confirm with . or Enter, or press ? or * to list all spells.
You begin infusing your attacks with magical energy.
The phantom blinks!
Swippen's ghost hits you!
Unknown command.
You completely miss Swippen's ghost.
Your spectral weapon barely misses Swippen's ghost.
Swippen's ghost hits you but does no damage.
You hit Swippen's ghost.
Swippen's ghost is lightly damaged.
Your spectral weapon barely misses Swippen's ghost.
The phantom blinks!
Swippen's ghost hits you but does no damage.
Unknown command.
You miss Swippen's ghost.
Swippen's ghost is lightly damaged.
You hit the phantom!
Your spectral weapon hits Swippen's ghost!
The phantom hits you but does no damage.
Swippen's ghost hits you.
You hit Swippen's ghost.
Swippen's ghost is moderately damaged.
You slash the phantom!
Your spectral weapon hits Swippen's ghost!
The phantom hits you but does no damage.
Swippen's ghost says very slowly, "There's no hope."
Swippen's ghost hits you but does no damage.
You closely miss Swippen's ghost.
Swippen's ghost is moderately damaged.
You miss the phantom.
Your spectral weapon closely misses Swippen's ghost.
The phantom hits you.
The phantom blinks!
Swippen's ghost completely misses you.
You miss Swippen's ghost.
Swippen's ghost is moderately damaged.
Your spectral weapon misses Swippen's ghost.
The phantom blinks!
Swippen's ghost hits you.
* * * LOW HITPOINT WARNING * * *
You barely miss Swippen's ghost.
Swippen's ghost is moderately damaged.
Your spectral weapon hits Swippen's ghost.
Swippen's ghost hits you but does no damage.
You slash Swippen's ghost!
Swippen's ghost is heavily damaged.
Your spectral weapon hits Swippen's ghost but does no damage.
The phantom blinks!
Swippen's ghost hits you but does no damage.
You closely miss Swippen's ghost.
Swippen's ghost is heavily damaged.
Your transformation is almost over.
Your spectral weapon hits Swippen's ghost.
Swippen's ghost hits you but does no damage.
You closely miss Swippen's ghost.
Swippen's ghost is heavily damaged.
Your spectral weapon hits Swippen's ghost.
Swippen's ghost shouts, "You must not succeed where I failed!"
Swippen's ghost hits you but does no damage.
You closely miss Swippen's ghost.
Swippen's ghost is heavily damaged.
Your spectral weapon misses Swippen's ghost.
Swippen's ghost completely misses you.
You hit Swippen's ghost.
Swippen's ghost is severely damaged.
You hit the phantom.
You destroy the phantom!
Your spectral weapon misses Swippen's ghost.
Swippen's ghost says, "They lied to you.
The Dungeon just goes down and down forever."
Swippen's ghost hits you but does no damage.
You hit Swippen's ghost.
Swippen's ghost is severely damaged.
Your spectral weapon hits Swippen's ghost!
Swippen's ghost hits you but does no damage.
You hit Swippen's ghost.
Swippen's ghost is severely damaged.
Your spectral weapon misses Swippen's ghost.
Swippen's ghost hits you but does no damage.
You miss Swippen's ghost.
Swippen's ghost is severely damaged.
Your spectral weapon fades away.
Swippen's ghost hits you but does no damage.
Casting: Infusion
Confirm with . or Enter, or press ? or * to list all spells.
You draw out your weapon's spirit!
You feel less wooden.
Your +0 leather armour unmelds from your body.
Swippen's ghost hits you!!
* * * LOW HITPOINT WARNING * * *
You aren't carrying any potions.
Unknown command.
Press: ? - help, v - describe, . - travel
Here: Swippen's ghost (severely damaged)
The floor.
Evoke which item? (* to show all) (? for menu, Esc to quit)
Aiming: Throw Flame
Press: ? - help, Shift-Dir - straight line, f - Swippen's ghost
Aim: Swippen's ghost (severely damaged)
The puff of flame misses Swippen's ghost.
Swippen's ghost ripples.
Swippen's ghost hits you!
You die...

#.....#.#.#
#..<..#.#.#
#.....#.#.#
##.##.#.#.#
#....#.#.##
#..###....#
######.......[.#
#....W...##....#
#....@...##....#######
#.....(..##...........
######+##########.....
............
#######.....
..........#+
#########.#.
...#......
#.###.#.#....


You could see Swippen's ghost and a friendly spectral hand axe.

Vanquished Creatures
  An ice beast (D:5)
  An ogre (D:5)
  A phantom (D:6)
  A centaur (D:5)
  A crimson imp (D:5)
  A bullfrog zombie (D:5)
  A centaur skeleton (D:4)
  2 orc priests
  A hound (D:4)
  An orc wizard (D:5)
  An iguana (D:5)
  2 hound zombies (D:5)
  A hound skeleton (D:5)
  3 adders (D:5)
  A shadow imp (D:5)
  An adder zombie (D:6)
  A worm (D:3)
  A dart slug (D:4)
  3 leopard geckos
  9 orcs
  3 bats
  7 giant cockroaches
  6 goblins
  4 hobgoblins
  11 jackals
  6 kobolds
  A frilled lizard (D:2)
  A rat (D:3)
73 creatures vanquished.

Notes
Turn   | Place    | Note
-------+----------+-------------------------------------------
     0 | D:1      | tidbits the Gnoll Skald began the quest for the Orb.
     0 | D:1      | Reached XP level 1. HP: 20/20 MP: 6/6
    44 | D:2      | Reached XP level 2. HP: 26/26 MP: 1/7
    48 | D:2      | Learned a level 2 spell: Song of Slaying
    51 | D:2      | Learned a level 2 spell: Shroud of Golubria
   285 | D:3      | Reached XP level 3. HP: 31/31 MP: 1/9
   285 | D:3      | Reached skill level 5 in Spellcasting
   436 | D:2      | Reached skill level 1 in Invocations
   523 | D:4      | Reached skill level 1 in Short Blades
   523 | D:4      | Reached skill level 1 in Long Blades
   523 | D:4      | Reached skill level 1 in Maces & Flails
   523 | D:4      | Reached skill level 1 in Polearms
   523 | D:4      | Reached skill level 1 in Staves
   523 | D:4      | Reached skill level 1 in Slings
   523 | D:4      | Reached skill level 1 in Bows
   523 | D:4      | Reached skill level 1 in Crossbows
   523 | D:4      | Reached skill level 1 in Throwing
   523 | D:4      | Reached skill level 1 in Stealth
   523 | D:4      | Reached skill level 1 in Shields
   523 | D:4      | Reached skill level 1 in Unarmed Combat
   523 | D:4      | Reached skill level 1 in Evocations
   523 | D:4      | Reached XP level 4. HP: 7/38 MP: 1/11
   549 | D:5      | Entered Level 5 of the Dungeon
   687 | D:4      | Reached skill level 1 in Conjurations
   687 | D:4      | Reached skill level 1 in Hexes
   687 | D:4      | Reached skill level 1 in Summonings
   687 | D:4      | Reached skill level 1 in Necromancy
   687 | D:4      | Reached skill level 1 in Translocations
   687 | D:4      | Reached skill level 1 in Transmutations
   687 | D:4      | Reached skill level 1 in Fire Magic
   687 | D:4      | Reached skill level 1 in Ice Magic
   687 | D:4      | Reached skill level 1 in Air Magic
   687 | D:4      | Reached skill level 1 in Earth Magic
   687 | D:4      | Reached skill level 1 in Poison Magic
   703 | D:4      | Reached XP level 5. HP: 24/43 MP: 3/12
   844 | D:5      | Noticed an ogre
   860 | D:5      | Killed an ogre
   860 | D:5      | Reached skill level 3 in Armour
   860 | D:5      | Reached skill level 2 in Invocations
   860 | D:5      | Reached XP level 6. HP: 30/50 MP: 6/13
   886 | D:5      | Learned a level 3 spell: Regeneration
   890 | D:5      | Learned a level 3 spell: Spectral Weapon
   977 | D:5      | Reached skill level 5 in Fighting
   977 | D:5      | Reached skill level 2 in Short Blades
   977 | D:5      | Reached skill level 2 in Long Blades
   977 | D:5      | Reached skill level 5 in Axes
   977 | D:5      | Reached skill level 2 in Maces & Flails
   977 | D:5      | Reached skill level 2 in Polearms
   977 | D:5      | Reached skill level 2 in Staves
   977 | D:5      | Reached skill level 2 in Slings
   977 | D:5      | Reached skill level 2 in Bows
   977 | D:5      | Reached skill level 2 in Crossbows
   977 | D:5      | Reached skill level 2 in Throwing
   977 | D:5      | Reached skill level 5 in Dodging
   977 | D:5      | Reached skill level 2 in Stealth
   977 | D:5      | Reached skill level 2 in Shields
   977 | D:5      | Reached skill level 2 in Unarmed Combat
   977 | D:5      | Reached skill level 2 in Evocations
  1009 | D:5      | Reached XP level 7. HP: 22/56 MP: 0/15
  1052 | D:6      | Noticed Swippen's ghost (novice TrMo)
  1300 | D:5      | Reached skill level 2 in Conjurations
  1300 | D:5      | Reached skill level 2 in Hexes
  1300 | D:5      | Reached skill level 2 in Summonings
  1300 | D:5      | Reached skill level 2 in Necromancy
  1300 | D:5      | Reached skill level 2 in Translocations
  1300 | D:5      | Reached skill level 2 in Transmutations
  1300 | D:5      | Reached skill level 2 in Fire Magic
  1300 | D:5      | Reached skill level 2 in Ice Magic
  1300 | D:5      | Reached skill level 2 in Air Magic
  1300 | D:5      | Reached skill level 2 in Earth Magic
  1300 | D:5      | Reached skill level 2 in Poison Magic
  1411 | D:6      | Slain by Swippen's ghost

Skill      XL: |  1  2  3  4  5  6  7 |
---------------+----------------------+-----
Spellcasting   | 5 |  5.7
Invocations    | 1 2 |  2.9
Short Blades   | 1 2 |  2.6
Long Blades    | 1 2 |  2.6
Maces & Flails | 1 2 |  2.6
Polearms       | 1 2 |  2.6
Staves         | 1 2 |  2.6
Slings         | 1 2 |  2.6
Bows           | 1 2 |  2.6
Crossbows      | 1 2 |  2.6
Throwing       | 1 2 |  2.6
Stealth        | 1 2 |  2.6
Shields        | 1 2 |  2.6
Unarmed Combat | 1 2 |  2.6
Evocations     | 1 2 |  2.6
Conjurations   | 1 2 |  2.1
Hexes          | 1 2 |  2.1
Summonings     | 1 2 |  2.1
Necromancy     | 1 2 |  2.1
Translocations | 1 2 |  2.1
Transmutations | 1 2 |  2.1
Fire Magic     | 1 2 |  2.1
Ice Magic      | 1 2 |  2.1
Air Magic      | 1 2 |  2.1
Earth Magic    | 1 2 |  2.1
Poison Magic   | 1 2 |  2.1
Armour         | 3 |  3.7
Fighting       | 5 |  5.3
Axes           | 5 |  5.3
Dodging        | 5 |  5.3
Charms         | |  5.9

Action                   |  1- 3 |  4- 6 |  7- 9 || total
-------------------------+-------+-------+-------++-------
Melee: Hand axe          |    52 |    25 |    78 ||   155
       Bite              |     7 |     5 |     5 ||    17
       Dagger            |    68 |    15 |       ||    83
       Unarmed           |       |    35 |       ||    35
       Punch             |       |     1 |       ||     1
Throw: Javelin           |     2 |       |     1 ||     3
 Cast: Infusion          |    10 |     8 |     4 ||    22
       Shroud of Golubri |     5 |     4 |     3 ||    12
       Spectral Weapon   |       |     3 |     5 ||     8
       Regeneration      |       |     1 |     1 ||     2
Evoke: Wand              |     2 |     2 |     1 ||     5
  Use: Scroll            |     5 |     1 |     1 ||     7
       Potion            |     2 |     3 |     3 ||     8
 Stab: Distracted        |       |       |     2 ||     2
  Eat: Ration            |     2 |     1 |       ||     3
Armor: Leather armour    |    24 |     5 |     8 ||    37
       Skin              |     1 |    26 |    21 ||    48
Dodge: Dodged            |    96 |    39 |    48 ||   183

Table legend:
 A = Turns spent in this place as a percentage of turns spent in the entire game.
 B = Non-inter-level travel turns spent in this place as a percentage of non-inter-level travel turns spent in the entire game.
 C = Inter-level travel turns spent in this place as a percentage of turns spent in this place.
 D = Turns resting spent in this place as a percentage of non-inter-level travel turns spent in this place.
 E = Turns spent auto-exploring this place as a percentage of non-inter-level travel turns spent in this place.
 F = Non-inter-level travel turns spent in this place divided by the number of levels of this place that you've seen.
                   A       B       C       D       E      F
               +-------+-------+-------+-------+-------+----------------------
         Total | 100.0 | 100.0 |   0.0 |   0.0 |   0.0 | 235.2
       Dungeon | 100.0 | 100.0 |   0.0 |   0.0 |   0.0 | 235.2
               +-------+-------+-------+-------+-------+----------------------

Table legend:
 A = Kills in this place as a percentage of kills in entire the game.
 B = Kills by you in this place as a percentage of kills by you in the entire game.
 C = Kills by friends in this place as a percentage of kills by friends in the entire game.
 D = Other kills in this place as a percentage of other kills in the entire game.
 E = Experience gained in this place as a percentage of experience gained in the entire game.
 F = Experience gained in this place divided by the number of levels of this place that you have seen.
                   A       B       C       D       E      F
               +-------+-------+-------+-------+-------+----------------------
         Total | 100.0 | 100.0 |   N/A |   N/A | 100.0 | 177.5
       Dungeon | 100.0 | 100.0 |   N/A |   N/A | 100.0 | 177.5
               +-------+-------+-------+-------+-------+----------------------

Vault maps used:
D:1:      tarquinn_simple_flora_water_f, st_stairs_11, minmay_heptomino_d4
D:2:      nrook_mini_backslash, uniq_crazy_yiuf_cottage
D:3:      lemuel_round_altar, gup_sewer_entry_spiral, dk_noncrumbling_3
D:5:      first_ration
D:6:      minmay_temple_entry_purple_smoke
